 Dungeon Crawl Stone Soup version 0.28-a0-1374-ga75cb3825e (webtiles) character file.

Game seed: 5877994461702578794

21710 snetch the Protected (level 12, -4/103 HPs)
             Began as a Minotaur Berserker on Dec 31, 2021.
             Was an Elder of Trog.
             Slain by a reaper (35 damage)
             ... in a Gauntlet.
             The game lasted 00:49:17 (11223 turns).

snetch the Protected (Minotaur Berserker)          Turns: 11223, Time: 00:49:18

Health: -4/103     AC: 26    Str: 27    XL:     12   Next: 56%
Magic:  9/9        EV: 19    Int:  4    God:    Trog [****..]
Gold:   397        SH:  0    Dex: 10    Spells: 11/11 levels left

rFire   . . .      SeeInvis .   b - +2 whip (elec)
rCold   . . .      Faith    .   (no shield)
rNeg    + . .      Spirit   .   B - +0 plate armour
rPois   .          Reflect  .   c - +0 hat {Will+}
rElec   .          Harm     .   P - +2 cloak of Gallantry {rN+}
rCorr   .          Rampage  .   U - +2 pair of gloves
Will    +++..      NoTele   +   j - +0 pair of boots
Stlth   ..........              E - amulet of magic regeneration
HPRegen 1.27/turn               r - +4 ring of evasion
MPRegen 0.51/turn               V - +4 ring of evasion

@: strong-willed, on berserk cooldown, regenerating, hasted and slowed, unable
to read
A: horns 2, retaliatory headbutt, frail 1, low mp 1, screaming 1, shaggy fur 1,
inability to read while threatened
a: Renounce Religion, Berserk, Trog's Hand, Brothers in Arms


You were in a Gauntlet.
You worshipped Trog.
Trog was greatly pleased with you.
You visited 2 branches of the dungeon, and saw 12 of its levels.
You visited 1 bazaar.
You also visited: Sewer, Bailey and Gauntlet.

You collected 696 gold pieces.
You spent 299 gold pieces at shops.

Inventory:

Hand Weapons
 a - a +3 war axe
 b - a +2 whip of electrocution (weapon)
Missiles
 m - 35 poisoned darts
 n - 247 stones
 o - 4 javelins
 y - a throwing net
 R - 16 boomerangs (quivered)
 Z - a curare-tipped dart
Armour
 c - a +0 hat of willpower (worn)
 d - +0 pearl dragon scales
 e - a +0 chain mail
 j - a +0 pair of boots (worn)
 B - a +0 plate armour (worn)
 P - the +2 cloak of Gallantry (worn) {rN+}
   (You found it on level 9 of the Dungeon)

   rN:        It protects you from negative energy.
 U - a +2 pair of gloves (worn)
Jewellery
 r - a +4 ring of evasion (left hand)
 E - an amulet of magic regeneration (around neck)
 V - a +4 ring of evasion (right hand)
Wands
 l - a wand of charming (11)
 H - a wand of iceblast (21)
 L - a wand of flame (24)
 Q - a wand of paralysis (13)
Scrolls
 g - 3 scrolls of blinking {unknown}
 t - 3 scrolls of magic mapping {unknown}
 u - 7 scrolls of teleportation {unknown}
 w - 2 scrolls of fog
 D - 2 scrolls of vulnerability {unknown}
 G - 2 scrolls of amnesia
 S - 2 scrolls of fear {unknown}
 T - 2 scrolls of summoning {unknown}
 X - a scroll of silence
Potions
 h - 3 potions of mutation
 k - 9 potions of curing
 p - 2 potions of haste
 s - 2 potions of cancellation
 z - a potion of resistance
 A - a potion of flight
 C - a potion of brilliance {unknown}
 J - 3 potions of degeneration {unknown}
 K - 5 potions of heal wounds
 W - a potion of berserk rage {unknown}
 Y - a potion of invisibility


   Skills:
 + Level 13.2 Fighting
 + Level 11.5(12.3) Axes
 + Level 6.1(9.6) Maces & Flails
 + Level 3.5(8.2) Polearms
 + Level 2.6 Throwing
 + Level 13.8 Armour
 + Level 10.2 Dodging
 + Level 0.8 Stealth


You had 11 spell levels left.
You didn't know any spells.
Your spell library contained the following spells:

 Spells                   Type           Power      Damage    Failure   Level
 Freeze                   Ice            0%         1d3       98%         1
 Sandblast                Erth           0%         2d4       98%         1
 Passwall                 Tmut/Erth      0%         N/A       99%         2
 Conjure Flame            Conj/Fire      0%         6-21      100%        3
 Frozen Ramparts          Ice            0%         1d2       100%        3
 Gell's Gravitas          Tloc           0%         N/A       100%        3
 Ignite Poison            Fire/Tmut/Pois 0%         N/A       100%        3
 Stone Arrow              Conj/Erth      0%         3d7       100%        3
 Teleport Other           Tloc           0%         N/A       100%        3
 Ice Form                 Ice/Tmut       0%         N/A       100%        4
 Passage of Golubria      Tloc           0%         N/A       100%        4
 Sticky Flame             Conj/Fire      0%         2d3       100%        4
 Summon Ice Beast         Ice/Summ       0%         N/A       100%        4
 Silence                  Hex/Air        0%         N/A       100%        5
 Dispersal                Tloc           0%         N/A       100%        6
 Lehudib's Crystal Spear  Conj/Erth      0%         10d2      100%        8


Dungeon Overview and Level Annotations

Branches:
Dungeon (11/15)            Temple (1/1) D:4            Lair (0/6) D:9
  Sewer (visited)          Bailey (visited)         Gauntlet (1/1)
    Orc: D:9-12

Altars:
Ashenzari
Cheibriados
Dithmenos
Elyvilon
Fedhas
Gozag
Hepliaklqana
Kikubaaqudgha
Makhleb
Nemelex Xobeh
Okawaru
Qazlal
Ru
Sif Muna
Trog
Uskayaw
Vehumet
Wu Jian
Xom
Yredelemnul
Zin
The Shining One

Annotations:
D:4 ring behind water Gauntlet 7 transporters


Innate Abilities, Weirdness & Mutations

You have a pair of horns on your head.
You reflexively headbutt those who attack you in melee.
You are frail. (-10% HP)
Your magical capacity is low. (-10% MP)
You occasionally shout uncontrollably at your foes.
You are covered in fur. (AC +1)
You sometimes lose the ability to read scrolls when taking damage.


Message History

The reaper hits you but does no damage.
You feel much better.
The deep troll changes into a slime creature!
The reaper hits you with a +0 scythe of protection.
You hit the reaper but do no damage.
The reaper is lightly wounded.
The reaper hits you with a +0 scythe of protection!!
Unknown command.
You hit the reaper. Lightning courses through the reaper!
The reaper is lightly wounded.
The reaper shouts, "You must die NOW!"
The reaper hits you but does no damage.
Unknown command.
You hit the reaper.
You headbutt the reaper, but do no damage.
The reaper is lightly wounded.
The reaper hits you with a +0 scythe of protection!!
* * * LOW HITPOINT WARNING * * *
Unknown command.
You feel much better.
The slime creature changes into a sea snake!
The reaper misses you. x2; You furiously retaliate!
You headbutt the reaper!
You feel yourself speed up.
The jelly changes into a river rat!
The reaper shouts, "I have come for you, snetch!"
The reaper hits you with a +0 scythe of protection.
* * * LOW HITPOINT WARNING * * *
You barely miss the reaper.
The reaper is moderately wounded.
The shadow imp sputters.
The reaper completely misses you. You furiously retaliate!
You headbutt the reaper, but do no damage.
Unknown command.
You hit the reaper. Lightning courses through the reaper!
You headbutt the reaper, but do no damage.
The reaper is heavily wounded.
The river rat changes into a killer bee!
You hit the reaper but do no damage. You headbutt the reaper.
The reaper is heavily wounded.
The reaper hits you with a +0 scythe of protection!!
You die...

##≈###≈###≈###≈###≈###≈###≈###≈##
#≈≈≈#≈≈≈#≈≈≈#≈≈≈#≈≈≈#≈≈≈#≈≈≈#≈≈≈#
.................................
#######...#########...#########..
...#..#.8.#..8#8..#.8.#...©##:#..
##.#..#...#...8..?#...##..##.}#..
##^'#######8.8.8..#######.#.N.#..
...'.©#©.©##8.©.8©#©.©#y##.##©#..
###'###...#8.848@.#...#S..#.###..
......#...#..582."#...#..##N.##..
......#8©8#..8#8..#8©8#.##lk..#..
###############################..
.................................
.8∩8..8⌠8...#≈≈≈#≈≈≈#≈≈≈#≈≈≈#≈≈≈#
...........###≈###≈###≈###≈###≈##
############ ### ### ### ### ###
..........≈#


You could see a reaper, a sea snake shaped shifter, a hellwing, a killer bee
shaped shifter and a shadow imp.

Vanquished Creatures
  3 two-headed ogres
  A death scarab (Gauntlet)
  A spectral catoblepas (Gauntlet)
  Pikel (D:7)
  An orc knight (Bailey)
  Maurice (D:8)
  An unseen horror (D:10)
  A yaktaur (shapeshifter) (D:8)
  A troll (D:10)
  Grinder (D:5)
  4 hornets
  Sigmund (D:5)
  2 wraiths (D:10)
  3 shadows
  10 yaks
  Eustachio (D:5)
  3 chaos spawn (Gauntlet)
  A neqoxec (Gauntlet)
  4 water moccasins
  A hornet zombie (D:8)
  5 orc warriors
  2 sky beasts
  2 black bears
  An ogre (D:5)
  3 centaurs (D:11)
  2 lemures (D:7)
  2 phantoms (D:5)
  4 bullfrogs
  2 kobold brigands
  A wyvern zombie (D:6)
  2 scorpions (D:9)
  A water moccasin zombie (D:5)
  3 killer bees (D:9)
  12 wights
  4 howler monkeys
  4 hounds
  2 centaur zombies
  2 gnoll shamans
  4 orc priests
  A bullfrog skeleton (D:5)
  2 iguanas
  6 orc wizards
  3 hound skeletons
  A howler monkey zombie (D:9)
  17 gnolls
  11 adders
  A river rat (Sewer)
  A shadow imp (Gauntlet)
  A white imp (D:6)
  5 worms
  20 orcs
  7 ball pythons
  3 bats (D:1)
  10 endoplasms
  6 giant cockroaches
  11 goblins
  11 hobgoblins
  A jackal (D:1)
  31 kobolds
  6 quokkas
  5 frilled lizards
  3 rats
263 creatures vanquished.

Vanquished Creatures (collateral kills)
  An orc warlord (Bailey)
1 creature vanquished.

Vanquished Creatures (others)
  9 fungi
  10 plants
19 creatures vanquished.

Grand Total: 283 creatures vanquished

Notes
Turn   | Place    | Note
-------+----------+-------------------------------------------
     0 | D:1      | snetch the Minotaur Berserker began the quest for the Orb.
     0 | D:1      | Reached XP level 1. HP: 19/19 MP: 0/0
    91 | D:2      | Found a faded altar of an unknown god.
   117 | D:2      | Got Plato's Almanac of the Frostbite
   330 | D:3      | Reached XP level 2. HP: 27/27 MP: 1/1
   627 | D:3      | Found a glowing drain.
   633 | D:3      | Reached XP level 3. HP: 34/34 MP: 2/2
   642 | Sewer    | Entered a sewer
   668 | Sewer    | Reached ** piety under Trog
   676 | Sewer    | Reached XP level 4. HP: 35/41 MP: 3/3
   866 | Sewer    | Noticed a kobold brigand
   875 | Sewer    | Killed a kobold brigand
   876 | Sewer    | Reached skill level 5 in Axes
   876 | Sewer    | Reached skill level 1 in Throwing
   876 | Sewer    | Reached XP level 5. HP: 42/47 MP: 4/4
  1047 | Sewer    | Reached XP level 6. HP: 66/66 MP: 5/5
  1050 | Sewer    | Gained mutation: You sometimes lose the ability to read
                  | scrolls when taking damage. [potion of mutation]
  1050 | Sewer    | Gained mutation: You occasionally shout uncontrollably at
                  | your foes. [potion of mutation]
  1050 | Sewer    | Gained mutation: You are covered in fur. (AC +1) [potion of
                  | mutation]
  2992 | D:4      | Noticed a yak
  2995 | D:4      | Noticed a yak
  2995 | D:4      | Noticed a yak
  3005 | D:3      | Killed a yak
  3038 | D:4      | Killed a yak
  3039 | D:4      | Reached XP level 7. HP: 71/71 MP: 6/6
  3041 | D:4      | Killed a yak
  3262 | D:5      | Entered Level 5 of the Dungeon
  3262 | D:5      | Noticed Grinder
  3271 | D:5      | Killed Grinder
  3272 | D:5      | Reached XP level 8. HP: 79/79 MP: 7/7
  3577 | D:5      | Reached *** piety under Trog
  3606 | D:5      | Noticed Eustachio
  3849 | D:4      | Found a staircase to the Ecumenical Temple.
  3872 | Temple   | Entered the Ecumenical Temple
  4055 | D:5      | Reached skill level 10 in Fighting
  4485 | D:5      | Killed Eustachio
  4605 | D:6      | Reached XP level 9. HP: 77/85 MP: 8/8
  4787 | D:6      | Reached **** piety under Trog
  4835 | D:5      | Noticed Sigmund
  4844 | D:5      | Killed Sigmund
  4845 | D:5      | Reached skill level 10 in Armour
  5311 | D:7      | Reached skill level 1 in Polearms
  6486 | D:8      | Noticed Maurice
  6492 | D:8      | Killed Maurice
  6493 | D:8      | Reached XP level 10. HP: 94/94 MP: 9/9
  6668 | D:7      | Noticed Pikel
  6688 | D:7      | Killed Pikel
  7258 | D:9      | Noticed a two-headed ogre
  7263 | D:9      | Reached skill level 10 in Axes
  7266 | D:9      | Killed a two-headed ogre
  7342 | D:9      | Found a blossoming altar of Fedhas.
  7370 | D:9      | Found a flagged portal.
  7379 | Bailey   | Entered a bailey
  7452 | Bailey   | Noticed an orc warlord
  7532 | Bailey   | Found a runed translucent gate.
  7534 | Bailey   | Found a runed translucent gate.
  7639 | Bailey   | Noticed an orc knight
  7640 | Bailey   | Found a runed translucent gate.
  7652 | Bailey   | Killed an orc knight
  8015 | Bailey   | Killed an orc warlord
  8016 | Bailey   | Reached XP level 11. HP: 77/102 MP: 10/10
  8033 | Bailey   | Reached skill level 10 in Dodging
  8033 | Bailey   | Reached XP level 12. HP: 80/113 MP: 11/11
  8278 | D:9      | Found a staircase to the Lair.
  9163 | D:8      | Reached skill level 1 in Maces & Flails
  9568 | D:9      | Identified the +2 cloak of Gallantry {rN+}
  9638 | D:9      | Noticed a two-headed ogre
  9650 | D:9      | Killed a two-headed ogre
  9670 | D:10     | Entered Level 10 of the Dungeon
 10641 | D:11     | Found a flickering gateway to a bazaar.
 10671 | D:11     | Identified the -2 helmet of Maekhlum {Contam Str+7}
 10680 | D:11     | Noticed a two-headed ogre
 10690 | D:11     | Killed a two-headed ogre
 10710 | Bazaar   | Entered a bazaar
 10714 | Bazaar   | Found Duaf's Antique Weapon Shoppe.
 10724 | Bazaar   | Found Emair's Book Shoppe.
 10735 | Bazaar   | Found Xit Ufit's Distillery.
 10743 | Bazaar   | Bought 2 potions of curing for 90 gold pieces
 10743 | Bazaar   | Bought a potion of heal wounds for 75 gold pieces
 10743 | Bazaar   | Bought a potion of heal wounds for 75 gold pieces
 10746 | Bazaar   | Found Xytio's General Store.
 10754 | Bazaar   | Bought a scroll of amnesia for 59 gold pieces
 10754 | Bazaar   | Found Uqusiri's Antique Armour Emporium.
 10914 | D:11     | Found a gate leading to a gauntlet.
 10923 | Gauntlet | Entered a Gauntlet
 10923 | Gauntlet | Found a transporter.
 10929 | Gauntlet | Found a transporter.
 10934 | Gauntlet | Found a transporter.
 10940 | Gauntlet | Found a transporter.
 10952 | Gauntlet | Found a transporter.
 10953 | Gauntlet | Found a transporter.
 10955 | Gauntlet | Noticed a death scarab
 10958 | Gauntlet | Found a transporter.
 10961 | Gauntlet | Found a runed translucent gate.
 10961 | Gauntlet | Found a runed translucent gate.
 10964 | Gauntlet | Found a runed translucent gate.
 10964 | Gauntlet | Found a transporter.
 10968 | Gauntlet | Found a transporter.
 10971 | Gauntlet | Noticed a reaper
 10973 | Gauntlet | Found a transporter.
 10979 | Gauntlet | Found a transporter.
 10983 | Gauntlet | Found a transporter.
 10988 | Gauntlet | Found a transporter.
 10994 | Gauntlet | Found a transporter.
 11086 | Gauntlet | Gained mutation: Your magical capacity is low. (-10% MP) [a
                  | neqoxec]
 11088 | Gauntlet | Gained mutation: You are frail. (-10% HP) [a neqoxec]
 11132 | Gauntlet | Reached skill level 5 in Maces & Flails
 11176 | Gauntlet | Killed a death scarab
 11218 | Gauntlet | HP: 5/103 [reaper (31)]
 11223 | Gauntlet | Slain by a reaper

Illustrated notes

Levels and vault maps discovered:
D:1:      scummos_arrival_checkerplants, layout_basic, minmay_quantized
D:2:      layout_loops_ring, shapermc_ecumenical_altar_rom_forum
D:3:      layout_basic, portal_sewer_entry_d, serial_bayou_lagoon_b
D:4:      layout_basic, minmay_temple_entry_stoned_glass, roderic_roman_lattice,
          corexii_item_surrounded_by_moat
D:5:      layout_cave_pools, minmay_starry_boxes, uniq_sigmund, uniq_eustachio,
          uniq_grinder
D:6:      layout_loops_ring
D:7:      layout_loops_ring, chequers_serial_rivers_small_b, uniq_pikel
D:8:      layout_cave_pods, grunt_ministairs_5, minmay_small_thing, uniq_maurice
D:9:      layout_cave_pods, kennysheep_mini_moat,
          grunt_lair_entry_orc_guard_hut, enter_bailey_8, nrook_mini_backslash
D:10:     layout_basic
D:11:     layout_irregular_city, serial_shops, bzr_entry_dummy,
          gammafunk_ghost_spectres, gauntlet_entry_generic,
          nemelex_lonely_heart_becter
Temple:   dpeg_three_leaves_temple
Gauntlet: gammafunk_gauntlet_77_escape_option
          [minmay_gauntlet_arena_77_p_blocks, minmay_gauntlet_arena_77_box,
          minmay_gauntlet_arena_77_run_for_it,
          minmay_gauntlet_arena_77_terracotta_army,
          minmay_gauntlet_arena_77_fan, dreamdust_gauntlet_exit_labyrinth]

Skill      XL: |  1  2  3  4  5  6  7  8  9 10 11 12 |
---------------+-------------------------------------+-----
Axes           | 4 5 6 7 9 11 | 11.5
Fighting       | 4 9 10 11 12 13 | 13.2
Armour         | 3 8 9 10 11 12 13 | 13.8
Throwing       | 1 2 |  2.6
Dodging        | 8 10 | 10.2
Polearms       | 3 |  3.5
Maces & Flails | 6 |  6.1
Stealth        | |  0.8

Action                   |  1- 3 |  4- 6 |  7- 9 | 10-12 || total
-------------------------+-------+-------+-------+-------++-------
Melee: Hand axe          |    61 |    96 |       |       ||   157
       Headbutt          |    20 |    17 |    46 |    85 ||   168
       War axe           |       |     5 |   220 |   111 ||   336
       Scythe            |       |       |    20 |       ||    20
       Whip              |       |       |       |   211 ||   211
Throw: Dart              |     7 |    20 |       |       ||    27
       Boomerang         |       |       |       |     6 ||     6
Invok: Berserk           |       |     2 |       |     5 ||     7
       Trog's Hand       |       |       |     1 |     2 ||     3
       Brothers in Arms  |       |       |       |     1 ||     1
  Use: Scroll            |       |     5 |     4 |     1 ||    10
       Potion            |       |     7 |       |     4 ||    11
Armor: Animal skin       |     3 |       |       |       ||     3
       Leather armour    |     4 |       |       |       ||     4
       Chain mail        |    13 |    39 |   119 |       ||   171
       Plate armour      |       |       |     4 |   131 ||   135
Dodge: Dodged            |    28 |    45 |   205 |   229 ||   507

Table legend: (Time is in decaauts)
 A = Elapsed time spent in this place.
 B = Non-inter-level travel time spent in this place.
 C = Inter-level travel time spent in this place.
 D = Time resting spent in this place.
 E = Time spent auto-exploring this place.
 F = Levels seen in this place.
 G = Mean time per level.
                   A        B        C        D        E       F      G
               +--------+--------+--------+--------+--------+-----+--------+
         Total |  11437 |  10973 |    464 |    355 |   6621 |  16 |  714.8 |
       Dungeon |   9585 |   9135 |    450 |    326 |   5692 |  11 |  871.4 |
        Temple |     79 |     65 |     14 |      0 |     55 |   1 |   79.0 |
        Bazaar |    100 |    100 |      0 |      0 |     37 |   1 |  100.0 |
         Sewer |    545 |    545 |      0 |     29 |    258 |   1 |  545.0 |
        Bailey |    823 |    823 |      0 |      0 |    578 |   1 |  823.0 |
      Gauntlet |    302 |    302 |      0 |      0 |      0 |   1 |  302.0 |
               +--------+--------+--------+--------+--------+-----+--------+

Top non-repeatable levels by time:
     D:7: 1258 daAuts
     D:9: 1185 daAuts
     D:8: 1119 daAuts
     D:4: 1098 daAuts
     D:2: 1010 daAuts
     D:3: 958 daAuts
  Bailey: 823 daAuts
     D:5: 767 daAuts
     D:6: 764 daAuts
     D:1: 743 daAuts
   Sewer: 545 daAuts
    D:10: 417 daAuts
Gauntlet: 302 daAuts
    D:11: 262 daAuts
  Bazaar: 100 daAuts
